 Dungeon Crawl Stone Soup version 0.24.0-13-gcf9b319 (webtiles) character file.

Game seed: 10289172016865905208, levelgen mode: deterministic

46 Arctor the Magician (level 3, 0/20 HPs)
             Began as a Gargoyle Wizard on Apr 17, 2020.
             Slain by a scorpion (8 damage)
             ... on level 2 of the Dungeon.
             The game lasted 00:02:36 (1614 turns).

Arctor the Magician (Gargoyle Wizard)               Turns: 1614, Time: 00:02:37

Health: 0/20       AC:  6    Str: 10    XL:     3   Next: 66%
Magic:  2/7        EV: 12    Int: 19    God:
Gold:   137        SH:  0    Dex:  8    Spells: 7/8 levels left

rFire    . . .     SeeInvis .   k - -1 mace (curse)
rCold    . . .     Gourm    .   (no shield)
rNeg     + . .     Faith    .   a - +0 robe
rPois    ∞         Spirit   .   f - +0 helmet
rElec    +         Reflect  .   (no cloak)
rCorr    .         Harm     +   (no gloves)
MR       .....                  (no boots)
Stlth    ++........             m - amulet of harm
HPRegen  0.06/turn              (no ring)
MPRegen  0.10/turn              (no ring)

@: no status effects
A: negative energy resistance 1, electricity resistance, unbreathing,
petrification resistance, rot immunity, AC +3
a: no special abilities


You were on level 2 of the Dungeon.
You were not hungry.

You visited 1 branch of the dungeon, and saw 2 of its levels.

You collected 137 gold pieces.

Inventory:

Hand Weapons
 e - a +0 hand axe
 i - a +0 mace
 k - a cursed -1 mace (weapon)
Armour
 a - a +0 robe (worn)
 b - a +0 hat
 f - a +0 helmet (worn)
Jewellery
 m - an amulet of harm (around neck)
Scrolls
 j - 2 scrolls of identify
Potions
 g - a potion of degeneration {unknown}
 h - 2 potions of heal wounds
 l - 2 potions of agility {unknown}
 n - 2 potions of curing {unknown}
Comestibles
 d - a ration


   Skills:
 + Level 1.0 Fighting
 + Level 1.3(1.7) Axes
 + Level 1.5(1.9) Maces & Flails
 - Level 1.5 Dodging
 - Level 2.1 Stealth
 - Level 3.0 Spellcasting
 + Level 2.1 Conjurations
   Level 0.8 Summonings
   Level 0.8 Translocations


You had 7 spell levels left.
You knew the following spells:

 Your Spells              Type           Power        Failure   Level  Hunger
a - Magic Dart            Conj           ##..         6%          1    None

Your spell library contained the following spells:

 Spells                   Type           Power        Failure   Level  Hunger
 Blink                    Tloc           N/A          16%         2    ##.....
 Call Imp                 Summ           #.......     16%         2    ##.....
 Slow                     Hex            #.......     22%         2    ##.....
 Conjure Flame            Conj/Fire      #.......     30%         3    ###....
 Mephitic Cloud           Conj/Pois/Air  #.......     34%         3    ###....


Dungeon Overview and Level Annotations

Branches:
Dungeon (2/15)

Altars:
Ru


Innate Abilities, Weirdness & Mutations

You are resistant to torment.
Your stone body is resilient. (AC +3)
You are immune to poison.
You resist negative energy. (rN+)
You are resistant to electric shocks. (rElec)
You can survive without breathing.
You are immune to petrification.
You are immune to rotting.


Message History

The magic dart hits the scorpion.
The scorpion is heavily wounded.
The scorpion stings you.
Casting: Magic Dart (safe; 6% risk of failure)
Confirm with . or Enter, or press ? or * to list all spells.
Aiming: Magic Dart (safe; 6% risk of failure)
Press: ? - help, Shift-Dir - straight line, f/p - scorpion
Aim: a scorpion (heavily wounded)
The magic dart hits the scorpion.
The scorpion is heavily wounded.
The scorpion stings you but does no damage.
Casting: Magic Dart (safe; 6% risk of failure)
Confirm with . or Enter, or press ? or * to list all spells.
Aiming: Magic Dart (safe; 6% risk of failure)
Press: ? - help, Shift-Dir - straight line, f/p - scorpion
Aim: a scorpion (heavily wounded)
The magic dart hits the scorpion but does no damage.
The scorpion is heavily wounded.
The scorpion stings you!
You die...

.........### #.....
.......#...#####
#.....
##....####.....# ###
#..... #...## #####.#
#.# #..... #### #.#
##.# #..... #.###..#
#..#... #.....###
...##.#.
#####...###>##......
#@........#..#....
#...s†..#.#####.....##
....####.##..# .#.. ##
..# #... #.# #.## ##.#
#. ... .. #. ..


You could see a scorpion.

Vanquished Creatures
  A dart slug (D:1)
  3 leopard geckos (D:1)
  A ball python (D:1)
  7 bats (D:1)
  2 giant cockroaches (D:1)
  2 goblins (D:1)
  5 hobgoblins
  A jackal (D:1)
  A quokka (D:2)
  4 frilled lizards
  5 kobolds (D:1)
  6 rats
38 creatures vanquished.

Notes
Turn   | Place    | Note
-------+----------+-------------------------------------------
     0 | D:1      | Arctor the Gargoyle Wizard began the quest for the Orb.
     0 | D:1      | Reached XP level 1. HP: 10/10 MP: 4/4
   117 | D:1      | Reached XP level 2. HP: 6/15 MP: 0/6
   570 | D:1      | Reached skill level 1 in Axes
   793 | D:1      | Reached XP level 3. HP: 17/20 MP: 7/7
   797 | D:1      | Reached skill level 1 in Maces & Flails
  1542 | D:2      | Found a sacrificial altar of Ru.
  1570 | D:2      | Reached skill level 1 in Fighting
  1602 | D:2      | Noticed a scorpion
  1614 | D:2      | Slain by a scorpion

Levels and vault maps discovered:
D:1:      dpeg_arrival_leaves_temple_mockup, layout_basic, st_stairs_13,
          minmay_tree_intersection, minmay_tromino_v4_a
D:2:      layout_rooms, nicolae_ru_path_of_blood, kennysheep_generic_room_14,
          uniq_crazy_yiuf_cottage

Skill      XL: |  1  2  3 |
---------------+----------+-----
Axes           | 1 |  1.3
Maces & Flails | 1 |  1.5
Conjurations   | 2 |  2.1
Fighting       | 1 |  1.0
Dodging        | |  1.5
Stealth        | |  2.1
Spellcasting   | |  3.0
Summonings     | |  0.8
Translocations | |  0.8

Action                   || total
-------------------------++-------
Melee: Hand axe          ||    24
       Mace              ||   134
 Cast: Magic Dart        ||    17
  Use: Scroll            ||     2
       Potion            ||     1
 Stab: Sleeping          ||     4
  Eat: Ration            ||     1
Armor: Robe              ||    81
Dodge: Dodged            ||   136
